 Dungeon Sprint DCSS version 0.30-a0-711-gf4ac18a38d (webtiles) character file.

Game seed: 6854967846130944214

278 rocky1 the Basher (level 8, -1/82 HPs)
             Began as a Gargoyle Gladiator on Jan 23, 2023.
             Was an Initiate of Gozag.
             Slain by the 27-headed Lernaean hydra (6 damage)
             ... in the Dungeon (Sprint VI: "Thunderdome").
             The game lasted 00:04:59 (695 turns).

rocky1 the Basher (Gargoyle Gladiator)               Turns: 695, Time: 00:05:00

Health: -1/82      AC: 25    Str: 21    XL:     8   Next: 8%
Magic:  8/8        EV: 11    Int:  8    God:    Gozag
Gold:   891        SH:  0    Dex: 19    Spells: 7/7 levels left

rFire   . . .      SeeInvis .    a - +0 flail
rCold   . . .      Faith    .    (no shield)
rNeg    + . .      Spirit   .    r - +0 chain mail
rPois   ∞          Reflect  .    c - +0 helmet
rElec   +          Harm     .    s - +4 cloak of Life {rElec Regen+ rCorr}
rCorr   +          Rampage  .    n - +1 pair of gloves of the Slug {-Cast rPois Dex+8}
Will    .....      NoTele   +    (no boots) Stlth NoCast +
                                 (no amulet)
HPRegen 1.13/turn                (no ring)
MPRegen 0.11/turn                (no ring)

@: berserking, very quick
A: sickness immunity, AC +5, negative energy resistance 1, electricity
resistance, torment resistance 1, petrification resistance
a: Renounce Religion, Potion Petition, Call Merchant, Bribe Branch


You were in the Dungeon.
You worshipped Gozag.
Gozag was pleased with you.
You visited 1 branch You collected 1887 gold pieces.
You spent 996 gold pieces at shops.

Inventory:

Hand Weapons
 a - a +0 flail (weapon)
Missiles
 d - 3 throwing nets
 e - a javelin
 p - 5 poisoned darts (quivered)
Armour
 b - a +0 leather armour
 c - a +0 helmet (worn)
 n - the +1 pair of gloves of the Slug (worn) {-Cast rPois Dex+8}
   (You bought it in a shop in the Dungeon)

   Dex:       It affects your dexterity (+8).
   rPois:     It protects you from poison.
   -Cast:     It prevents spellcasting.
 r - a +0 chain mail (worn)
 s - the +4 cloak of Life (worn) {rElec Regen+ rCorr}
   (You bought it in a shop in the Dungeon)

   rElec:     It insulates you from electricity.
   Regen:     It increases your rate of health regeneration.
   rCorr:     It protects you from acid and corrosion.
 t - the +3 helmet of Honesty {*Corrode Fly Will- Regen+}
   (You bought it in a shop in the Dungeon)

   Fly:       It grants you flight.
   Regen:     It increases your rate of health regeneration.
   *Corrode:  It may corrode you when you take damage.
   Will:      It decreases your willpower.
Scrolls
 o - 3 scrolls of fog
Potions
 f - a potion of curing
 g - 3 potions of heal wounds
 h - 4 potions of haste
 i - 2 potions of magic
 l - a potion of resistance


   Skills:
 + Level 8.7 Fighting
 * Level 11.3 Maces & Flails
 - Level 1.7 Throwing
 + Level 8.3 Armour
 + Level 6.9 Dodging


You had 7 spell levels left.
You didn't know any spells.
Your spell library was empty.

Dungeon Overview and Level Annotations

Branches:
Dungeon (1/1)

Altars:
Cheibriados
Dithmenos
Fedhas
Gozag
Kikubaaqudgha
Makhleb
Okawaru
Qazlal
Ru
Sif Muna
Trog
Uskayaw
Vehumet
Wu Jian
Xom
Yredelemnul
Zin
The Shining One
Lugonu

Shops:
D *[??*?*:[((!!!!

Annotations:
D Lernaean hydra


Innate Abilities, Weirdness & Mutations

You are immune to sickness and miasma.
Your stone body is resilient. (AC +5)
You are immune to poison.
You resist negative energy. (rN+)
You are resistant to electric shocks. (rElec)
You are resistant to unholy torment.
You are immune to petrification.


Message History

The 27-headed Lernaean hydra bites you but does no damage.
The 27-headed Lernaean hydra bites you!
The 27-headed Lernaean hydra bites you. x2
The 27-headed Lernaean hydra bites you but does no damage. x3
The 27-headed Lernaean hydra barely misses you.
The 27-headed Lernaean hydra bites you but does no damage.
The 27-headed Lernaean hydra bites you.
The 27-headed Lernaean hydra bites you but does no damage.
The 27-headed Lernaean hydra closely misses you.
The 27-headed Lernaean hydra bites you.
The 27-headed Lernaean hydra bites you but does no damage.
The 27-headed Lernaean hydra bites you.
The 27-headed Lernaean hydra misses you.
The 27-headed Lernaean hydra bites you but does no damage.
The 27-headed Lernaean hydra bites you.
The 27-headed Lernaean hydra bites you but does no damage. x2
The 27-headed Lernaean hydra misses you.
The 27-headed Lernaean hydra bites you but does no damage.
The 27-headed Lernaean hydra bites you.
The 27-headed Lernaean hydra bites you but does no damage.
The 27-headed Lernaean hydra completely misses you.
The 27-headed Lernaean hydra closely misses you.
Unknown command.
A red film seems to cover your vision as you go berserk!
You feel yourself moving faster!
You feel mighty!
The 27-headed Lernaean hydra bites you but does no damage.
The 27-headed Lernaean hydra bites you. x2
The 27-headed Lernaean hydra completely misses you.
The 27-headed Lernaean hydra bites you but does no damage. x3
The 27-headed Lernaean hydra bites you.
The 27-headed Lernaean hydra bites you but does no damage.
The 27-headed Lernaean hydra bites you!
* * * LOW HITPOINT WARNING * * *
The 27-headed Lernaean hydra bites you but does no damage. x2
The 27-headed Lernaean hydra closely misses you.
The 27-headed Lernaean hydra bites you!
* * * LOW HITPOINT WARNING * * *
The 27-headed Lernaean hydra bites you but does no damage.
The 27-headed Lernaean hydra bites you.
You die...
Your body crumbles into a pile of gold.

∩.....(..8.# #.8[..)....∩###
...........###.............##
......(.###...###..).......⌠#
......(.# #.<.# #..)...)...⌠#
......(.###...###..........⌠#
...........###.............##
∩........8.# #.8....)...∩###
#∩___......###.....)___∩##
######.8.(..(..D@8.######
#⌠....(....).⌠#
###(.(......### #_........#
#_......._# #........_#
#∩.......∩# ##∩.....∩##
##.....##


You could see the 27-headed Lernaean hydra.

Vanquished Creatures
  Sigmund (D)
  2 wraiths (D)
  2 kobold brigands (D)
  A wight (D)
  6 vampire bats (D)
  Ijyb (D)
  A spectral adder (D)
  2 spectral bats (D)
  2 endoplasms (D)
  3 goblins (D)
  2 kobolds (D)
23 creatures vanquished.

Notes
Turn   | Place    | Note
-------+----------+-------------------------------------------
     0 | D        | rocky1 the Gargoyle Gladiator began the quest for the Orb.
     0 | D        | Reached XP level 1. HP: 12/12 MP: 1/1
     4 | D        | Found a blossoming altar of Fedhas.
     5 | D        | Found a burning altar of Makhleb.
     5 | D        | Found an opulent altar of Gozag.
     5 | D        | Round 1.
     6 | D        | Found a hide-covered altar of Uskayaw.
     6 | D        | Found a shimmering blue altar of Sif Muna.
     7 | D        | Found Ivaumah's Do-It-Yourself Clinic.
     7 | D        | Found a glowing golden altar of the Shining One.
     7 | D        | Found Vaudus's Distillery.
     8 | D        | Found Yhogouly's Bottled Wisdom.
     8 | D        | Found Yppo's Distillery.
     9 | D        | Found a shimmering altar of Xom.
    10 | D        | Found Wuolun's Weapon Rack.
    12 | D        | Found Udaih's Basic Armour.
    12 | D        | Found Iraadghuo's Miscellaneous Merchandise.
    17 | D        | Became a worshipper of Gozag Ym Sagoz the Greedy
    37 | D        | Noticed Sigmund
    44 | D        | Killed Sigmund
    45 | D        | Reached skill level 5 in Fighting
    45 | D        | Reached skill level 7 in Maces & Flails
    45 | D        | Reached XP level 2. HP: 21/21 MP: 2/2
    45 | D        | Reached XP level 3. HP: 26/26 MP: 3/3
    45 | D        | Reached XP level 4. HP: 31/31 MP: 4/4
    45 | D        | Reached XP level 5. HP: 35/35 MP: 5/5
    45 | D        | Found a basalt altar of Yredelemnul.
    46 | D        | Found a corrupted altar of Lugonu.
    48 | D        | Found an ornate altar of the Wu Jian Council.
    48 | D        | Found a glowing silver altar of Zin.
    48 | D        | Found a sacrificial altar of Ru.
    48 | D        | Found Ygankila's Staff Store.
    48 | D        | Found Ygam's Magic Scroll Shop.
    49 | D        | Found Punkal's Must-Have Magic.
    49 | D        | Found Hifunutzo's Magic Scroll Shop.
   119 | D        | Found a shadowy altar of Dithmenos.
   119 | D        | Found a stormy altar of Qazlal.
   119 | D        | Found Poackej's Premium Goods.
   128 | D        | Arena points: 12 (+12) [x2]
   136 | D        | Found a radiant altar of Vehumet.
   137 | D        | Found an iron altar of Okawaru.
   138 | D        | Found an ancient bone altar of Kikubaaqudgha.
   139 | D        | Found Luisemis's Identification Station.
   141 | D        | Found a snail-covered altar of Cheibriados.
   141 | D        | Found a bloodstained altar of Trog.
   142 | D        | Found Doyfim's Advanced Armour.
   142 | D        | Found Wedghuski's Jewellery.
   150 | D        | Bought a pair of faintly humming gloves for 332 gold pieces
   150 | D        | Identified the +1 pair of gloves of the Slug {-Cast rPois
                  | Dex+8} (You bought it in a shop in the Dungeon)
   190 | D        | Round 2.
   210 | D        | Noticed a kobold brigand
   228 | D        | Killed a kobold brigand
   229 | D        | Reached skill level 8 in Maces & Flails
   229 | D        | Reached skill level 5 in Armour
   229 | D        | Reached skill level 5 in Dodging
   229 | D        | Reached XP level 6. HP: 35/41 MP: 6/6
   284 | D        | Noticed Ijyb
   298 | D        | Killed Ijyb
   298 | D        | Arena points: 54 (+42) [x3]
   357 | D        | Round 3.
   388 | D        | Reached skill level 9 in Maces & Flails
   404 | D        | Reached XP level 7. HP: 48/48 MP: 7/7
   412 | D        | Reached skill level 10 in Maces & Flails
   417 | D        | Arena points: 138 (+84) [x4]
   464 | D        | Bought a glimmering cloak for 332 gold pieces
   464 | D        | Identified the +4 cloak of Life {rElec Regen+ rCorr} (You
                  | bought it in a shop in the Dungeon)
   464 | D        | Bought a twisted helmet for 332 gold pieces
   464 | D        | Identified the +3 helmet of Honesty {*Corrode Fly Will-
                  | Regen+} (You bought it in a shop in the Dungeon)
   477 | D        | Round 4.
   502 | D        | Noticed a wraith
   519 | D        | Killed a wraith
   533 | D        | Reached skill level 11 in Maces & Flails
   572 | D        | Noticed a wraith
   586 | D        | Killed a wraith
   586 | D        | Arena points: 278 (+140) [x5]
   587 | D        | Reached XP level 8. HP: 55/55 MP: 8/8
   654 | D        | Round 5.
   660 | D        | Noticed the 27-headed Lernaean hydra
   695 | D        | Slain by the 27-headed Lernaean hydra

Illustrated notes

Levels and vault maps discovered:
D:        arena_sprint

Skill      XL: |  1  2  3  4  5  6  7 |
---------------+----------------------+-----
Fighting       | 5 6 7 8 |  8.7
Maces & Flails | 7 8 9 11 | 11.3
Armour         | 4 5 7 8 |  8.3
Dodging        | 4 5 6 |  6.9
Throwing       | |  1.7

Action                     |  1- 3 |  4- 6 |  7- 9 || total
---------------------------+-------+-------+-------++-------
  Melee: Flail             |     4 |    61 |    37 ||   102
         Punch             |       |     1 |       ||     1
  Throw: Dart              |       |       |    10 ||    10
  Evoke: Wand              |     5 |       |    10 ||    15
    Use: Scroll            |       |       |     4 ||     4
         Potion            |       |       |     2 ||     2
   Stab: Distracted        |       |     1 |     1 ||     2
 Armour: Leather armour    |     2 |     8 |       ||    10
         Chain mail        |       |     9 |    50 ||    59
  Dodge: Dodged            |     3 |    41 |    32 ||    76

Table legend: (Time is in decaauts)
 A = Elapsed time spent in this place.
 B = Non-inter-level travel time spent in this place.
 C = Inter-level travel time spent in this place.
 D = Time resting spent in this place.
 E = Time spent auto-exploring this place.
 F = Levels seen in this place.
 G = Mean time per level.
                   A        B        C        D        E       F      G
               +--------+--------+--------+--------+--------+-----+--------+
         Total |    693 |    693 |      0 |    193 |      0 |   1 |  693.0 |
       Dungeon |    693 |    693 |      0 |    193 |      0 |   1 |  693.0 |
               +--------+--------+--------+--------+--------+-----+--------+

Top non-repeatable levels by time:
       D: 693 daAuts
